 Dungeon Crawl Stone Soup version 0.29.1-15-g9cfb28693d (webtiles) character file.

Game seed: 15148797587889677654

6 Heoruswealwe the Digger (level 1, -12/10 HPs)
             Began as a Deep Elf Earth Elementalist on May 3, 2023.
             Was an Initiate of Vehumet.
             Mangled by a gnoll
             ... wielding a +0 halberd
              (15 damage)
             ... on level 2 of the Dungeon.
             The game lasted 00:01:42 (167 turns).

Heoruswealwe the Digger (DEEE)                       Turns: 167, Time: 00:01:45

Health: -12/10     AC:  2    Str:  5    XL:     1   Next: 75%
Magic:  3/6        EV: 12    Int: 19    God:    Vehumet [......]
Gold:   27         SH:  0    Dex: 15    Spells: 5/6 levels left

rFire   . . .      SeeInvis .   (no weapon)
rCold   . . .      Faith    .   (no shield)
rNeg    . . .      Spirit   .   c - +0 robe
rPois   .          Reflect  .   (no helmet)
rElec   .          Harm     .   (no cloak)
rCorr   .          Rampage  .   (no gloves)
Will    .....                   (no boots)
Stlth   ++........              (no amulet)
HPRegen 0.03/turn               (no ring)
MPRegen 0.10/turn               (no ring)

@: very slow
A: no striking features
a: Renounce Religion


You were on level 2 of the Dungeon.
You worshipped Vehumet.
Vehumet was noncommittal.
You visited 1 branch of the dungeon, and saw 2 of its levels.

You collected 27 gold pieces.

Inventory:

Armour
 c - a +0 robe (worn)
Scrolls
 a - a scroll of immolation {unknown}
 e - a scroll of identify {unknown}
 f - a scroll of enchant armour {unknown}
Potions
 b - a potion of magic
 d - a potion of heal wounds {unknown}


   Skills:
 - Level 2.4 Dodging
 - Level 2.4 Stealth
 + Level 3.3 Spellcasting
 - Level 1.1 Transmutations
 + Level 3.5 Earth Magic


You had 5 spell levels left.
You knew the following spells:

 Your Spells              Type           Power      Damage    Failure   Level
a - Sandblast             Erth           32%        2d9       3%          1

Your spell library contained the following spells:

 Spells                   Type           Power      Damage    Failure   Level
 Passwall                 Tmut/Erth      10%        N/A       9%          2
 Stone Arrow              Conj/Erth      18%        3d8       22%         3
 Petrify                  Tmut/Erth      12%        N/A       50%         4


Dungeon Overview and Level Annotations

Branches:
Dungeon (2/15)

Altars:
Cheibriados
Vehumet

Annotations:
D:2 Natasha


Message History

You see here a +0 club.
You see here a +0 dagger.
A ball python comes into view.
The ball python hisses angrily.
You see here 7 stones.
The blast of sand misses the ball python.
The ball python misses you. The ball python closely misses you.
The blast of sand hits the ball python!
You kill the ball python!
Vehumet accepts your kill.
You see here 6 javelins.
f - a scroll labelled OGGEGR GURASU 2 gnolls come into view. 2 gnolls come into view.
The gnoll shouts! x3
You hear an angry hiss.
The blast of sand hits the gnoll.
The gnoll is lightly wounded.
Natasha, Servant of Life and Death comes into view.
The gnoll closely misses you.
Natasha wildly gestures.
Natasha's front paws start to glow.
Natasha drinks a potion.
Natasha flickers and vanishes!
Deactivating autopickup; reactivate with Ctrl-A.
The blast of sand hits the gnoll.
The gnoll is lightly wounded.
The gnoll hits you from afar with a +0 halberd!
Ouch! That really hurt!
* * * LOW HITPOINT WARNING * * *
You are too injured to fight recklessly!
Casting: Sandblast (safe; 3% risk of failure)
Confirm with . or Enter, or press ? or * to list all spells.
Aiming: Sandblast (safe; 3% risk of failure)
Press: ? - help, Shift-Dir - straight line, f/p - gnoll
Aim: a gnoll, wielding a +0 halberd (lightly wounded, 84% to hit)
The blast of sand hits the gnoll!
The gnoll is almost dead.
The gnoll hits you from afar with a +0 halberd!
Ouch! That really hurt!
You die...

.#. ..# ##.## . .....#
#...# .# ##....# #...###.
#..g#.###.......
#.............###
#...gg$.........#
#g####.##.###
#.###..##.###
#@..........#
##.#......### # #.
#.##.._..#
#.##.####.##.....#...
.................# .
##.###..###.####.# .
..###........†......#.#
.......).........##.#.#
.........................


You could see 4 gnolls.

Vanquished Creatures
  A bat (D:1)
  2 goblins (D:2)
  A ball python (D:2)
  A frilled lizard (D:2)
  A rat (D:2)
6 creatures vanquished.

Vanquished Creatures (others)
  A plant (D:1)
  3 withered plants (D:1)
4 creatures vanquished.

Grand Total: 10 creatures vanquished

Notes
Turn   | Place    | Note
-------+----------+-------------------------------------------
     0 | D:1      | Heoruswealwe the Deep Elf Earth Elementalist began the
                  | quest for the Orb.
     0 | D:1      | Reached XP level 1. HP: 10/10 MP: 6/6
    30 | D:1      | Found a faded altar of an unknown god.
    59 | D:1      | Prayed at the altar of an unknown god.
    59 | D:1      | Became a worshipper of Cheibriados the Contemplative
    59 | D:1      | Reached * piety under Cheibriados
    79 | D:2      | Found a radiant altar of Vehumet.
    85 | D:2      | Fell from the grace of Cheibriados
    85 | D:2      | Became a worshipper of Vehumet
   165 | D:2      | Noticed Natasha
   167 | D:2      | Mangled by a gnoll

Illustrated notes

Levels and vault maps discovered:
D:1:      lemuel_arrival_broad_hall, layout_basic,
          shapermc_ecumenical_altar_flowoftime, chequers_decorated_corner,
          st_stairs_5, minmay_crystal_room, minmay_tromino_v4_c
D:2:      layout_basic, basic_altar, uniq_natasha, uniq_crazy_yiuf_cottage

Action                   || total
-------------------------++-------
Melee: Unarmed           ||    21
 Cast: Sandblast         ||    12
Armor: Robe              ||     2
Dodge: Dodged            ||     4
